 Dungeon Crawl Stone Soup version 0.27-a0-1065-ge809cff456 (webtiles) character file.

Game seed: 3519495720713302480

33 Mgcat the Skirmisher (level 3, -2/31 HPs)
             Began as a Palentonga Fighter on Apr 22, 2021.
             Was a Follower of Yredelemnul.
             Slain by Terence
             ... wielding a +2 short sword of protection
              (6 damage)
             ... on level 2 of the Dungeon.
             The game lasted 00:03:16 (1102 turns).

Mgcat the Skirmisher (Palentonga Fighter)           Turns: 1102, Time: 00:03:17

Health: -2/31      AC:  6    Str: 20    XL:     3   Next: 12%
Magic:  3/3        EV:  5    Int: 14    God:    Yredelemnul [*.....]
Gold:   80         SH:  8    Dex:  9    Spells: 2/2 levels left

rFire    . . .     SeeInvis +   a - +0 war axe
rCold    . . .     Faith    .   c - +0 kite shield
rNeg     . . .     Spirit   .   b - +0 scale mail
rPois    .         Reflect  .   (no helmet)
rElec    .         Harm     .   (no cloak)
rCorr    .         Rampage  .   (no gloves)
Will     .....                  (no barding)
Stlth    ..........             (no amulet)
HPRegen  0.10/turn              k - +6 ring of intelligence
MPRegen  0.08/turn              (no ring)

@: no status effects
A: large, rugged brown scales 3, see invisible, deformed body, roll 1, armoured
tail
a: Rolling Charge, Renounce Religion, Animate Remains


You were on level 2 of the Dungeon.
You worshipped Yredelemnul.
Yredelemnul was aware of your devotion.
You visited 1 branch of the dungeon, and saw 2 of its levels.

You collected 80 gold pieces.

Inventory:

Hand Weapons
 a - a +0 war axe (weapon)
Missiles
 f - 8 atropa-tipped darts
Armour
 b - a +0 scale mail (worn)
 c - a +0 kite shield (worn)
Jewellery
 k - a +6 ring of intelligence (left hand)
   (You found it on level 1 of the Dungeon)
Scrolls
 e - a scroll of noise {unknown}
 h - 3 scrolls of identify {unknown}
 l - a scroll of fog {unknown}
Potions
 d - a potion of might
 g - a potion of degeneration {unknown}
 i - 2 potions of curing {unknown}
 j - a potion of heal wounds {unknown}


   Skills:
 + Level 3.4 Fighting
 * Level 3.0 Axes
 - Level 2.4 Armour
 + Level 2.5 Shields


You had 2 spell levels left.
You didn't know any spells.
Your spell library was empty.

Dungeon Overview and Level Annotations

Branches:
Dungeon (2/15)

Altars:
Yredelemnul

Annotations:
D:2 Terence


Innate Abilities, Weirdness & Mutations

You are completely covered in rugged brown scales. (AC +3, +7% HP)
You have supernaturally acute eyesight. (SInv)
Armour fits poorly on your strangely shaped body.
You can roll at nearby foes to attack.
You have a long armoured tail.


Message History

HP restored.
You swap places.
A rat comes into view.
Health restored: 31 The rat bites you but does no damage.
You hit the rat.
You kill the rat!
Yredelemnul accepts your kill.
No target in view!
No target in view!
A kobold comes into view. It is wielding a +0 short sword.
You block the kobold's attack.
You hit the kobold.
The kobold is severely wounded.
The kobold closely misses you.
The kobold hits you with a +0 short sword.
You take 2 damage, and have 29/31 hp.
You closely miss the kobold.
You tail-slap the kobold, but do no damage.
The kobold is severely wounded.
You block the kobold's attack. x2
You hit the kobold but do no damage. You tail-slap the kobold.
You kill the kobold!
Yredelemnul accepts your kill.
No target in view!
No target in view!
You see here a +0 short sword.
Found a stone staircase leading down.
There is a stone staircase leading down here.
Terence the Incautious comes into view.
He is wielding a +2 short sword of protection.
Health restored: 31 Unknown command.
Unknown command.
What are your orders? t - Shout!
Orders for allies: a - Attack new target. r - Retreat! s - Stop attacking. g - Guard the area. f - Follow me.
Anything else - Cancel.
Guard this area!
Terence says, "Did you write a will?
You should..."
Terence hits your goblin zombie with a +2 short sword of protection.
Your goblin zombie barely misses Terence.
Terence closely misses your goblin zombie.
Your goblin zombie barely misses Terence.
Terence hits your goblin zombie with a +2 short sword of protection!
Your goblin zombie is destroyed!
You hit Terence but do no damage.
Your tail-slap misses Terence.
Terence hits you with a +2 short sword of protection.
Terence hits you with a +2 short sword of protection!
You take 12 damage, and have 19/31 hp.
MASSIVE DAMAGE!!
You closely miss Terence. Terence screams, "I want your blood!"
Terence hits you with a +2 short sword of protection.
You take 4 damage, and have 15/31 hp.
You hit Terence but do no damage.
Your tail-slap misses Terence.
You block Terence's attack.
Terence hits you with a +2 short sword of protection.
You closely miss Terence.
You tail-slap Terence, but do no damage.
You block Terence's attack.
You closely miss Terence.
Terence hits you with a +2 short sword of protection. x2
* * * LOW HITPOINT WARNING * * *
You take 7 damage, and have 8/31 hp.
MASSIVE DAMAGE!!
You hit Terence. You tail-slap Terence.
Terence is heavily wounded.
You block Terence's attack.
You hit Terence but do no damage.
Your tail-slap misses Terence.
Terence is heavily wounded.
Terence hits you but does no damage.
Terence hits you with a +2 short sword of protection.
* * * LOW HITPOINT WARNING * * *
You take 4 damage, and have 4/31 hp.
You hit Terence but do no damage.
You tail-slap Terence, but do no damage.
Terence is heavily wounded.
You block Terence's attack.
Terence hits you with a +2 short sword of protection.
* * * LOW HITPOINT WARNING * * *
You take 2 damage, and have 2/31 hp.
You closely miss Terence.
Your tail-slap misses Terence.
Terence is heavily wounded.
You block Terence's attack.
Unknown command.
Terence asks, "Do you want it fast or slow?"
You aren't carrying any items that you can evoke.
Okay, then.
Terence asks, "Do you want it fast or slow?"
You see here a +0 short sword.
Terence asks, "Do you want it fast or slow?"
Terence screams, "I'm going to kill you!"
Terence shouts, "ATTACK!!!"
You hit Terence but do no damage.
Terence is heavily wounded.
Terence hits you with a +2 short sword of protection.
* * * LOW HITPOINT WARNING * * *
Terence hits you with a +2 short sword of protection.
You die...
Your body rises from the dead as a mindless zombie.

#.. #.#.#
#.#.# #.#.#
##.#.# #....##
#.....#
#.....#
####)@##
##.#@####
#.###...#
######.#.##.#
.........###.#
########## #.#
#.# #.# #.#
#.#


You could see Terence.

Vanquished Creatures
  A dart slug (D:2)
  3 ball pythons (D:1)
  5 endoplasms (D:1)
  2 giant cockroaches
  A goblin (D:2)
  4 hobgoblins (D:1)
  3 jackals (D:1)
  3 bats
  3 kobolds
  2 rats
27 creatures vanquished.

Vanquished Creatures (others)
  A goblin zombie (D:2)
  6 plants (D:1)
7 creatures vanquished.

Grand Total: 34 creatures vanquished

Notes
Turn   | Place    | Note
-------+----------+-------------------------------------------
     0 | D:1      | Mgcat the Palentonga Fighter began the quest for the Orb.
     0 | D:1      | Reached XP level 1. HP: 19/19 MP: 1/1
   131 | D:1      | Found a faded altar of an unknown god.
   140 | D:1      | Reached XP level 2. HP: 22/25 MP: 2/2
   844 | D:1      | Became a worshipper of Yredelemnul the Dark
   844 | D:1      | Reached * piety under Yredelemnul
   864 | D:2      | Reached skill level 3 in Axes
   894 | D:2      | Reached XP level 3. HP: 29/31 MP: 1/3
  1037 | D:2      | Noticed Terence
  1053 | D:2      | HP: 4/31 [Terence/+2 short sword of protection (4)]
  1102 | D:2      | HP: 4/31 [Terence/+2 short sword of protection (3)]
  1102 | D:2      | Slain by Terence

Illustrated notes

Levels and vault maps discovered:
D:1:      eino_arrival_tree_alley, layout_loops_cross,
          ebering_ecumenical_altar_ruins
D:2:      layout_loops_ring, nrook_uturn, minmay_goblin_outpost, uniq_terence

Skill      XL: |  1  2 |
---------------+-------+-----
Axes           | 3 |  3.0
Fighting       | |  3.4
Armour         | |  2.4
Shields        | |  2.5

Action                   || total
-------------------------++-------
Melee: War axe           ||    89
       Tailslap          ||    10
Invok: Animate Remains   ||     1
Armor: Scale mail        ||    43
Dodge: Dodged            ||    19
Block: Kite shield       ||    46

Table legend: (Time is in decaauts)
 A = Elapsed time spent in this place.
 B = Non-inter-level travel time spent in this place.
 C = Inter-level travel time spent in this place.
 D = Time resting spent in this place.
 E = Time spent auto-exploring this place.
 F = Levels seen in this place.
 G = Mean time per level.
                   A        B        C        D        E       F      G
               +--------+--------+--------+--------+--------+-----+--------+
         Total |   1152 |   1141 |     11 |     95 |    774 |   2 |  576.0 |
       Dungeon |   1152 |   1141 |     11 |     95 |    774 |   2 |  576.0 |
               +--------+--------+--------+--------+--------+-----+--------+

Top non-repeatable levels by time:
     D:1: 891 daAuts
     D:2: 261 daAuts

Table legend:
 A = Kills in this place as a percentage of kills in entire the game.
 B = Kills by you in this place as a percentage of kills by you in the entire game.
 C = Kills by friends in this place as a percentage of kills by friends in the entire game.
 D = Other kills in this place as a percentage of other kills in the entire game.
 E = Experience gained in this place as a percentage of experience gained in the entire game.
 F = Experience gained in this place divided by the number of levels of this place that you have seen.
                   A       B       C       D       E      F
               +-------+-------+-------+-------+-------+----------------------
         Total | 100.0 | 100.0 |   N/A |   N/A | 100.0 |  24.0
       Dungeon | 100.0 | 100.0 |   N/A |   N/A | 100.0 |  24.0
               +-------+-------+-------+-------+-------+----------------------
